AoeStats
← phoenixlau.vn

Hideout

508404883Analyzed
1v1 RM · 9d ago on Sep 22, 2026· 39m 26s· 2 players
Game mode
Random Map
Map size
Tiny (2 player)
Population
200
Speed
Normal
Resources
Standard
Victory
Conquest
Starting age
Dark Age
Ending age
Imperial Age
RankedLock teamsTeams togetherTeam positionsShared explorationLock speedFull tech treeHidden civsTurbo modeCheats
Victory
Defeat
🇨🇳 Huns · China
632
+15
🇻🇳 Magyars · Vietnam
607
-21
phoenixlau.vn
7:43 Loom
11:38 Feudal Age
16:31 Town Watch
28:25 Wheelbarrow
32:45 Castle Age
32:04 Fletching
32:15 Padded Archer Armor
32:25 Scale Barding Armor
32:54 Bloodlines
34:54 Husbandry
34:53 Double-Bit Axe
34:55 Horse Collar
35:47 Gold Mining
36:45 Stone Mining
37:31 Gold Shaft Mining
76561199004763034
10:44 Feudal Age
10:54 Man-at-Arms
17:10 Horse Collar
22:40 Castle Age
20:55 Fletching
21:05 Loom
21:10 Double-Bit Axe
23:44 Bodkin Arrow
27:23 Thumb Ring
37:45 Imperial Age
36:21 Ballistics
37:50 Forging
37:46 Scale Barding Armor
37:53 Heavy Cavalry Archer
39:01 Parthian Tactics
39:34 Bracer
Connection lost

Rejoining the realm…

Still unreachable

The connection could not be restored.

Session expired

The server has moved on; the page needs a fresh start.